 Dungeon Sprint DCSS version 0.28-a0-1616-g050a50673c (webtiles) character file.

Game seed: 10716508060544725460

3162 mhtbhm the Spear-Bearer (level 9, -2/144 HPs)
             Began as a Grey Draconian Berserker on Jan 22, 2022.
             Was a High Priest of Trog.
             Slain by a death knight (16 damage)
             ... in the Dungeon (Sprint IX: "|||||||||||||||||||||||||||||").
             The game lasted 00:01:06 (676 turns).

mhtbhm the Spear-Bearer (Grey Draconian Berserker)   Turns: 676, Time: 00:01:08

Health: -2/144     AC: 22    Str: 28    XL:     9   Next: 63%
Magic:  9/9        EV: 15    Int:  7    God:    Trog [*****.]
Gold:   0          SH:  0    Dex: 10    Spells: 8/8 levels left

rFire   . . .      SeeInvis .   a - +2 halberd (protect)
rCold   . . .      Faith    .   (shield currently unavailable)
rNeg    . . .      Spirit   .   (armour unavailable)
rPois   .          Reflect  .   (helmet restricted)
rElec   .          Harm     .   j - +0 cloak
rCorr   .          Rampage  .   (no gloves)
Will    .....      NoTele   +   (no boots)
Stlth   ..........              (no amulet)
HPRegen 0.34/turn               k - +2 ring of protection
MPRegen 0.11/turn               l - +3 ring of strength

@: berserking (expiring), under a protective aura, very quick
A: AC +12, amphibious, unfitting armour, cold-blooded
a: Renounce Religion, Berserk, Trog's Hand, Brothers in Arms


You were in the Dungeon.
You worshipped Trog.
Trog was extremely pleased with you.
You visited 1 branch

Inventory:

Hand Weapons
 a - a +2 halberd of protection (weapon)
Armour
 j - a +0 cloak (worn)
Jewellery
 k - a +2 ring of protection (left hand)
 l - a +3 ring of strength (right hand)
Wands
 i - a wand of iceblast (10)
Scrolls
 g - 2 scrolls of blinking
Potions
 b - 5 potions of curing
 c - 3 potions of heal wounds
 d - a potion of haste
 e - 4 potions of magic
 f - a potion of berserk rage
 h - a potion of invisibility


   Skills:
 + Level 14.4 Fighting
 + Level 14.8 Polearms
 + Level 10.8 Dodging
 + Level 0.1 Stealth


You had 8 spell levels left.
You didn't know any spells.
Your spell library was empty.

Dungeon Overview and Level Annotations

Branches:
Dungeon (1/1)

Altars:
Cheibriados
Dithmenos
Elyvilon
Fedhas
Gozag
Hepliaklqana
Kikubaaqudgha
Makhleb
Nemelex Xobeh
Okawaru
Qazlal
Ru
Sif Muna
Trog
Uskayaw
Vehumet
Wu Jian
Xom
Yredelemnul
Zin
The Shining One
Beogh
Jiyva
Lugonu


Innate Abilities, Weirdness & Mutations

Your dull iron-grey scales are very hard. (AC +12)
You are amphibious.
You cannot fit into any form of body armour.
You are cold-blooded and may be slowed by cold attacks.


Message History

The death knight reflects your damage back at you!
You barely miss the death knight.
The death knight is lightly wounded.
The death knight hits you with a +4 vorpal broad axe!
You puncture the death knight! You tail-slap the death knight!
The death knight is moderately wounded.
The death knight reflects your damage back at you!
You puncture the death knight!
The death knight is heavily wounded.
The death knight reflects your damage back at you!
The death knight hits you with a +4 vorpal broad axe!
You are too injured to fight recklessly!
You are too injured to fight recklessly!
You are too injured to fight recklessly!
You are too injured to fight recklessly!
You are too injured to fight recklessly!
You are too injured to fight recklessly!
You are too injured to fight recklessly!
You are too injured to fight recklessly!
You are too injured to fight recklessly!
You are too injured to fight recklessly!
You are too injured to fight recklessly!
You are too injured to fight recklessly!
You are too injured to fight recklessly!
You impale the death knight!! You tail-slap the death knight.
The death knight is severely wounded.
The death knight reflects your damage back at you!
The death knight hits you with a +4 vorpal broad axe!!
* * * LOW HITPOINT WARNING * * *
x2 You puncture the death knight!
The death knight is almost dead.
The death knight reflects your damage back at you!
* * * LOW HITPOINT WARNING * * *
You hit the death knight.
Your tail-slap misses the death knight.
The death knight is almost dead.
The death knight reflects your damage back at you!
* * * LOW HITPOINT WARNING * * *
You rip and tear the barbed spikes from your body.
The death knight hits you with a +4 vorpal broad axe!
You die... ▓▓▓▓▓▓▓▓▓▓▓▓▓▓▓▓▓▓▓▓▓▓▓▓ .?))[.[..').....@p.....+ ▓▓▓▓▓▓▓▓▓▓▓▓▓▓▓▓▓▓▓▓▓▓▓▓

You could see a death knight (reflects damage).

Vanquished Creatures
  A two-headed ogre (D)
  A centaur warrior (D)
  A cyclops (D)
  A manticore (D)
  An unseen horror (D)
  2 trolls (D)
  A shadow (D)
  An acid dragon (D)
  A black bear (D)
  A centaur (D)
  A scorpion (D)
  3 hounds (D)
  An adder zombie (D)
  A bat (D)
  3 hobgoblins (D)
  A rat (D)
21 creatures vanquished.

Notes
Turn   | Place    | Note
-------+----------+-------------------------------------------
     0 | D        | mhtbhm the Draconian Berserker began the quest for the Orb.
     0 | D        | Reached XP level 1. HP: 19/19 MP: 1/1
    13 | D        | Reached ** piety under Trog
    15 | D        | Banished a spatial maelstrom
    90 | D        | Noticed a hound
    90 | D        | Noticed a scorpion
    90 | D        | Noticed a hound
    90 | D        | Noticed a hound
    90 | D        | Noticed a black bear
    95 | D        | Killed a hound
    96 | D        | Reached skill level 5 in Fighting
    96 | D        | Reached XP level 2. HP: 29/29 MP: 2/2
    96 | D        | Reached XP level 3. HP: 36/36 MP: 3/3
    99 | D        | Killed a scorpion
    99 | D        | Reached *** piety under Trog
   100 | D        | Reached skill level 5 in Polearms
   100 | D        | Reached skill level 5 in Dodging
   100 | D        | Reached XP level 4. HP: 45/45 MP: 4/4
   107 | D        | Reached XP level 5. HP: 52/52 MP: 5/5
   110 | D        | Killed a black bear
   117 | D        | Found a snail-covered altar of Cheibriados.
   117 | D        | Found a shadowy altar of Dithmenos.
   117 | D        | Found a white marble altar of Elyvilon.
   117 | D        | Found a blossoming altar of Fedhas.
   117 | D        | Found an opulent altar of Gozag.
   118 | D        | Found a hazy altar of Hepliaklqana.
   119 | D        | Found a viscous altar of Jiyva.
   120 | D        | Found an ancient bone altar of Kikubaaqudgha.
   121 | D        | Found a corrupted altar of Lugonu.
   122 | D        | Found a burning altar of Makhleb.
   123 | D        | Found a sparkling altar of Nemelex Xobeh.
   124 | D        | Found an iron altar of Okawaru.
   125 | D        | Found a stormy altar of Qazlal.
   126 | D        | Found a sacrificial altar of Ru.
   131 | D        | Found a shimmering blue altar of Sif Muna.
   132 | D        | Found a bloodstained altar of Trog.
   133 | D        | Found a hide-covered altar of Uskayaw.
   134 | D        | Found a radiant altar of Vehumet.
   135 | D        | Found an ornate altar of the Wu Jian Council.
   136 | D        | Found a shimmering altar of Xom.
   137 | D        | Found a basalt altar of Yredelemnul.
   138 | D        | Found a glowing silver altar of Zin.
   139 | D        | Found a glowing golden altar of the Shining One.
   268 | D        | Noticed a troll
   268 | D        | Noticed a centaur
   268 | D        | Noticed a troll
   268 | D        | Noticed an acid dragon
   273 | D        | Killed a troll
   274 | D        | Reached skill level 10 in Fighting
   274 | D        | Reached XP level 6. HP: 66/66 MP: 6/6
   276 | D        | Reached **** piety under Trog
   277 | D        | Your scales start taking on a dull iron-grey colour.
   277 | D        | Reached XP level 7. HP: 73/73 MP: 7/7
   280 | D        | Killed an unseen horror
   281 | D        | Reached skill level 10 in Polearms
   283 | D        | Killed a troll
   284 | D        | Reached XP level 8. HP: 61/83 MP: 8/8
   450 | D        | Noticed a centaur warrior
   450 | D        | Noticed a two-headed ogre
   450 | D        | Noticed a cyclops
   450 | D        | Noticed a manticore
   450 | D        | Noticed a death knight
   456 | D        | Killed a centaur warrior
   456 | D        | Reached ***** piety under Trog
   462 | D        | Killed a two-headed ogre
   463 | D        | Reached skill level 10 in Dodging
   463 | D        | Reached XP level 9. HP: 93/93 MP: 9/9
   464 | D        | Killed a cyclops
   665 | D        | Killed a manticore
   676 | D        | Slain by a death knight

Illustrated notes

Levels and vault maps discovered:
D:        linesprint [early_d, line_temple, items_1, d_10, items_2, lair_1,
          lair_end, items_3, orc_1, orc_end, items_4, d_15, swamp_1, shoals_1,
          snake_1, spider_1, d_20, vaults_1, items_5, swamp_end, shoals_end,
          snake_end, spider_end, vaults_end, d_27, items_6, zot_1, zot_end,
          crypt_end, forest_end, elf_end, slime_end, tomb_end, abyss_end,
          pan_hell_end]

Skill      XL: |  1  2  3  4  5  6  7  8  9 |
---------------+----------------------------+-----
Dodging        | 4 5 6 7 8 9 10 | 10.8
Fighting       | 5 6 7 10 11 13 14 | 14.4
Polearms       | 4 5 6 9 11 13 14 | 14.8
Stealth        | |  0.1

Action                   |  1- 3 |  4- 6 |  7- 9 || total
-------------------------+-------+-------+-------++-------
Melee: Spear             |    23 |    11 |       ||    34
       Tailslap          |     2 |     3 |    11 ||    16
       Halberd           |       |     6 |    41 ||    47
Invok: Berserk           |     1 |     1 |     2 ||     4
Armor: Skin              |     4 |     3 |    22 ||    29
Dodge: Dodged            |     7 |    10 |    17 ||    34

Table legend: (Time is in decaauts)
 A = Elapsed time spent in this place.
 B = Non-inter-level travel time spent in this place.
 C = Inter-level travel time spent in this place.
 D = Time resting spent in this place.
 E = Time spent auto-exploring this place.
 F = Levels seen in this place.
 G = Mean time per level.
                   A        B        C        D        E       F      G
               +--------+--------+--------+--------+--------+-----+--------+
         Total |    684 |    684 |      0 |    514 |      3 |   1 |  684.0 |
       Dungeon |    684 |    684 |      0 |    514 |      3 |   1 |  684.0 |
               +--------+--------+--------+--------+--------+-----+--------+

Top non-repeatable levels by time:
       D: 684 daAuts
